 Dungeon Crawl Stone Soup version 0.30-a0-578-gdee14c521f (webtiles) character file.

Game seed: 13932963935908318093

1350 bmack86 the Chopper (level 8, -5/70 HPs)
             Began as a Minotaur Fighter on Jan 1, 2023.
             Was a Priest of Okawaru.
             Succumbed to poison (poison gas)
             ... on level 4 of the Dungeon.
             The game lasted 00:12:57 (4192 turns).

bmack86 the Chopper (Minotaur Fighter)              Turns: 4192, Time: 00:12:58

Health: -5/70      AC: 12    Str: 23    XL:     8   Next: 36%
Magic:  9/9        EV:  7    Int:  5    God:    Okawaru [***...]
Gold:   273        SH:  6    Dex: 16    Spells: 7/7 levels left

rFire   . . .      SeeInvis .    p - +2 war axe (elec)
rCold   . . .      Faith    .    c - +0 buckler
rNeg    . . .      Spirit   .    y - +0 chain mail
rPois   .          Reflect  .    (helmet restricted)
rElec   .          Harm     .    q - +0 cloak
rCorr   .          Rampage  .    (no gloves)
Will    +....                    t - +0 pair of boots Stlth
                                 (no amulet)
HPRegen 0.31/turn                e - +6 ring of dexterity
MPRegen 0.11/turn                j - ring of willpower

@: lethally poisoned (-5 -> -44)
A: horns 2, retaliatory headbutt
a: Renounce Religion, Heroism


You were on level 4 of the Dungeon.
You worshipped Okawaru.
Okawaru was most pleased with you.
You visited 2 branches of the dungeon, and saw 5 of its levels.

You collected 363 gold pieces.
You spent 90 gold pieces at shops.

Inventory:

Hand Weapons
 a - a +0 war axe of freezing
 p - a +2 war axe of electrocution (weapon)
Missiles
 w - 4 poisoned darts (quivered)
Armour
 b - a +0 scale mail
 c - a +0 buckler (worn)
 q - a +0 cloak (worn)
 t - a +0 pair of boots (worn)
 y - a +0 chain mail (worn)
Jewellery
 e - a +6 ring of dexterity (left hand)
 j - a ring of willpower (right hand)
 m - a ring of magical power
 n - a ring of positive energy
 r - a ring of ice
Wands
 o - a wand of roots (9)
Scrolls
 g - 2 scrolls of poison
 h - a scroll of brand weapon
 k - a scroll of blinking {unknown}
 l - 3 scrolls of teleportation
 v - 2 scrolls of silence
Potions
 d - a potion of might
 i - 2 potions of degeneration
 s - a potion of haste {unknown}
 u - 2 potions of resistance
 x - a potion of magic {unknown}


   Skills:
 + Level 6.1 Fighting
 * Level 7.2 Axes
 + Level 3.1 Throwing
 + Level 6.0 Armour
 + Level 6.0 Shields
 + Level 3.0 Invocations


You had 7 spell levels left.
You didn't know any spells.
Your spell library contained the following spells:

 Spells                   Type           Power      Damage    Failure   Level
 Foxfire                  Conj/Fire      0%         2x1d4     99%         1
 Inner Flame              Hex/Fire       0%         N/A       100%        3
 Kindle Blastsparks       Fire/Tloc/Air  0%         2d10      100%        3
 Cause Fear               Hex            0%         N/A       100%        4
 Fireball                 Conj/Fire      0%         3d3       100%        5
 Discord                  Hex            0%         N/A       100%        8
 Ignition                 Fire           0%         3d3       100%        8


Dungeon Overview and Level Annotations

Branches:
Dungeon (4/15)             Temple (1/1) D:4

Altars:
Ashenzari
Cheibriados
Dithmenos
Gozag
Hepliaklqana
Kikubaaqudgha
Makhleb
Okawaru
Qazlal
Ru
Sif Muna
Trog
Uskayaw
Vehumet
Wu Jian
Zin

Annotations:
D:4 1 transporter


Innate Abilities, Weirdness & Mutations

You have a pair of horns on your head.
You reflexively headbutt those who attack you in melee.


Message History

* * * LOW HITPOINT WARNING * * *
You feel very sick.
The orc warrior zombie hits you with a +2 hand axe of venom.
* * * LOW HITPOINT WARNING * * *
You are lethally poisoned!
You feel better.
You block the orc warrior zombie's attack.
You completely miss the orc warrior zombie.
The orc warrior zombie is almost destroyed.
The orc warrior zombie hits you with a +2 hand axe of venom.
* * * LOW HITPOINT WARNING * * *
You are poisoned.
You hit the orc warrior zombie. You headbutt the orc warrior zombie.
The orc warrior zombie is almost destroyed.
You feel very sick.
The orc warrior zombie hits you with a +2 hand axe of venom.
* * * LOW HITPOINT WARNING * * *
You closely miss the orc warrior zombie.
The orc warrior zombie is almost destroyed.
You feel sick.
The orc warrior zombie hits you with a +2 hand axe of venom.
* * * LOW HITPOINT WARNING * * *
You are lethally poisoned!
* * * LOW HITPOINT WARNING * * *
You feel very sick.
The orc warrior zombie closely misses you.
You furiously retaliate!
You headbutt the orc warrior zombie.
You destroy the orc warrior zombie!
Okawaru accepts your kill.
Your Armour skill increases to level 6!
You see here a +1 war axe of venom.
Really walk into a travel-excluded area? [Y]es or [N]o only, please.
Really walk into a travel-excluded area? [Y]es or [N]o only, please.
Really walk into a travel-excluded area?
You are engulfed in poison gas.
You are more poisoned.
* * * LOW HITPOINT WARNING * * *
You die...

###..#...# ##..#.##.#
#......©.## #..#..##..
#.#############.#..#....
#.#°☼°$©?°○°#.....##.###
###[#°☼○$!$○°○#.#..#...###
#...#°☼°...°°°#.......##..
#.###○°°°○°○°°#..........#
#.# #☼○○☼°.☼°☼#.......####
#.# ###°@○####.......##..
##.# #☼°.).°°#...........#
#..# #°°#.#○☼#........####
#.## #°○...°○#........#
###.# #☼°#©#.°#........#
#...# #°°○☼°.°##..####.#
#.### #○°○○°.○##.## #.#
#.# ##########.# ###.# #.#
#.©...#..###...#


There were no monsters in sight!

Vanquished Creatures
  Pikel (D:4)
  Sigmund (D:4)
  Menkaure (D:4)
  Blork the orc (D:4)
  2 scorpions (D:4)
  A hound (D:4)
  3 orc priests (D:4)
  A gnoll bouda (D:4)
  Natasha (thrice) (D:4)
  2 orc wizards (D:4)
  8 gnolls
  2 adders
  3 orc zombies (D:4)
  2 dart slugs
  13 orcs (D:4)
  9 endoplasms
  3 giant cockroaches
  8 goblins
  8 hobgoblins
  15 jackals
  4 quokkas
  11 ball pythons
  7 bats
  A frilled lizard (D:2)
  6 kobolds
  9 rats
125 creatures vanquished.

Vanquished Creatures (others)
  26 plants (D:1)
26 creatures vanquished.

Grand Total: 151 creatures vanquished

Notes
Turn   | Place    | Note
-------+----------+-------------------------------------------
     0 | D:1      | bmack86 the Minotaur Fighter began the quest for the Orb.
     0 | D:1      | Reached XP level 1. HP: 19/19 MP: 0/0
    49 | D:1      | Reached XP level 2. HP: 25/27 MP: 1/1
   204 | D:1      | Reached skill level 3 in Axes
   445 | D:1      | Got Unui's Anthology of Calefaction
   517 | D:1      | Found a faded altar of an unknown god.
   523 | D:1      | Reached XP level 3. HP: 33/33 MP: 2/2
  1849 | D:2      | Reached XP level 4. HP: 40/40 MP: 3/3
  2213 | D:3      | Found a bloodstained altar of Trog.
  2228 | D:3      | Reached skill level 4 in Axes
  3022 | D:4      | Found a staircase to the Ecumenical Temple.
  3028 | Temple   | Entered the Ecumenical Temple
  3085 | Temple   | Became a worshipper of Warmaster Okawaru
  3142 | D:4      | Noticed Pikel
  3142 | D:4      | Noticed a lemure
  3153 | D:4      | Killed Pikel
  3153 | D:4      | Reached * piety under Okawaru
  3153 | D:4      | Reached ** piety under Okawaru
  3154 | D:4      | Reached skill level 5 in Fighting
  3154 | D:4      | Reached skill level 5 in Axes
  3154 | D:4      | Reached skill level 1 in Throwing
  3154 | D:4      | Reached skill level 5 in Armour
  3154 | D:4      | Reached skill level 5 in Shields
  3154 | D:4      | Reached skill level 1 in Invocations
  3154 | D:4      | Reached XP level 5. HP: 19/48 MP: 3/5
  3154 | D:4      | Reached XP level 6. HP: 22/56 MP: 3/6
  3154 | D:4      | Reached XP level 7. HP: 24/61 MP: 3/7
  3284 | D:4      | Noticed Menkaure
  3297 | D:4      | Killed Menkaure
  3298 | D:4      | Reached skill level 6 in Axes
  3301 | D:4      | HP: 2/61 [gnoll bouda/+0 club (8)]
  3379 | D:4      | Noticed Blork the orc
  3569 | D:4      | Killed Blork the orc
  3623 | D:4      | Found a shadowy altar of Dithmenos.
  3680 | D:4      | Found Zin's Purification Station.
  3680 | D:4      | Found a glowing silver altar of Zin.
  3689 | D:4      | Bought a potion of curing for 90 gold pieces
  3700 | D:4      | Noticed Sigmund
  3709 | D:4      | Killed Sigmund
  3709 | D:4      | Reached *** piety under Okawaru
  3710 | D:4      | Reached XP level 8. HP: 61/70 MP: 7/9
  3750 | D:4      | Noticed Natasha
  3757 | D:4      | Reached skill level 7 in Axes
  3757 | D:4      | Killed Natasha
  3779 | D:4      | Noticed Natasha
  3787 | D:4      | Killed Natasha
  3821 | D:4      | Noticed Natasha
  3825 | D:4      | Killed Natasha
  3888 | D:4      | Found a transporter.
  4054 | D:4      | Found a transporter.
  4192 | D:4      | Succumbed to poison (poison gas)

Illustrated notes

Levels and vault maps discovered:
D:1:      dpeg_arrival_simpleton_b, layout_loops_ring, serial_bayou,
          serial_bayou_ford_a, serial_bayou_lake_a, serial_bayou_crossing,
          serial_bayou_pond_d, shapermc_ecumenical_altar_mp_highgroup,
          chequers_garden, grunt_decor_junction, minmay_pentomino_w4
D:2:      layout_loops_corners, mrwooster_statue_mirror, minmay_quadrilaterals
D:3:      layout_basic, bloody_trog, eino_curves_02,
          nicolae_concentric_dashed_squares_mild
D:4:      gammafunk_cloud_chamber, layout_rooms, amcnicky_altar_gilded,
          zin_purify, temple_doors_cd, uniq_pikel, uniq_natasha, uniq_sigmund,
          uniq_menkaure, uniq_blork_the_orc
Temple:   nicolae_temple_ecumenical_triangle

Skill      XL: |  1  2  3  4  5  6  7  8 |
---------------+-------------------------+-----
Axes           | 3 5 6 7 |  7.2
Fighting       | 4 5 6 |  6.1
Armour         | 4 5 6 |  6.0
Shields        | 4 5 6 |  6.0
Throwing       | 1 2 3 |  3.1
Invocations    | 1 2 3 |  3.0

Action                   |  1- 3 |  4- 6 |  7- 9 || total
-------------------------+-------+-------+-------++-------
Melee: War axe           |    97 |    40 |    72 ||   209
       Headbutt          |     9 |     4 |    10 ||    23
Throw: Dart              |       |       |     3 ||     3
Invok: Heroism           |       |       |     1 ||     1
  Use: Scroll            |     3 |     6 |       ||     9
       Potion            |       |       |     5 ||     5
Armor: Scale mail        |    54 |    11 |    27 ||    92
       Skin              |       |       |    21 ||    21
       Chain mail        |       |       |     4 ||     4
Dodge: Dodged            |    55 |    20 |    22 ||    97
Block: Buckler           |    37 |    14 |    21 ||    72

Table legend: (Time is in decaauts)
 A = Elapsed time spent in this place.
 B = Non-inter-level travel time spent in this place.
 C = Inter-level travel time spent in this place.
 D = Time resting spent in this place.
 E = Time spent auto-exploring this place.
 F = Levels seen in this place.
 G = Mean time per level.
                   A        B        C        D        E       F      G
               +--------+--------+--------+--------+--------+-----+--------+
         Total |   4324 |   4115 |    209 |    252 |   2656 |   5 |  864.8 |
       Dungeon |   4243 |   4034 |    209 |    252 |   2656 |   4 | 1060.8 |
        Temple |     80 |     80 |      0 |      0 |      0 |   1 |   80.0 |
               +--------+--------+--------+--------+--------+-----+--------+

Top non-repeatable levels by time:
     D:1: 1262 daAuts
     D:3: 1146 daAuts
     D:4: 932 daAuts
     D:2: 901 daAuts
  Temple: 80 daAuts
